 Dungeon Crawl Stone Soup version 0.28.0-45-g0d030f2227 (webtiles) character file.

Game seed: 11694011303377271302

70 OrbIsHorse the Poker (level 4, -1/34 HPs)
             Began as a Merfolk Gladiator on Apr 9, 2022.
             Slain by a sky beast (6 damage)
             ... on level 3 of the Dungeon.
             The game lasted 00:08:42 (1197 turns).

OrbIsHorse the Poker (Merfolk Gladiator)            Turns: 1197, Time: 00:08:43

Health: -1/34      AC:  4    Str: 16    XL:     4   Next: 21%
Magic:  4/4        EV: 13    Int:  7    God:
Gold:   58         SH:  0    Dex: 15    Spells: 3/3 levels left

rFire   . . .      SeeInvis +   a - +0 trident
rCold   . . .      Faith    .   (no shield)
rNeg    . . .      Spirit   .   b - +0 leather armour
rPois   .          Reflect  .   c - +0 helmet
rElec   .          Harm     .   (no cloak)
rCorr   .          Rampage  .   (no gloves)
Will    .....                   (no boots)
Stlth   +.........              g - amulet of magic regeneration
HPRegen 0.11/turn               i - ring of see invisible
MPRegen 0.49/turn               (no ring)

@: no status effects
A: (nimble swimmer 2), mertail
a: no special abilities


You were on level 3 of the Dungeon.
You visited 1 branch of the dungeon, and saw 3 of its levels.

You collected 58 gold pieces.

Inventory:

Hand Weapons
 a - a +0 trident (weapon)
 e - a +0 mace
 k - a +0 short sword
 q - a +0 dagger
Missiles
 h - 37 sling bullets
 l - 118 stones (quivered)
 t - 21 bolts
 u - 3 javelins
Armour
 b - a +0 leather armour (worn)
 c - a +0 helmet (worn)
 o - a +0 ring mail
 r - a +0 robe
Jewellery
 g - an amulet of magic regeneration (around neck)
 i - a ring of see invisible (left hand)
Scrolls
 f - a scroll of identify {unknown}
Potions
 j - a potion of mutation {unknown}
 m - a potion of curing {unknown}
 n - a potion of flight {unknown}
 p - a potion of berserk rage {unknown}
 s - a potion of haste {unknown}


   Skills:
 + Level 2.6 Fighting
 + Level 5.8 Polearms
 + Level 2.1 Throwing
 + Level 0.5 Armour
 + Level 4.8 Dodging
 + Level 0.2 Stealth


You had 3 spell levels left.
You didn't know any spells.
Your spell library was empty.

Dungeon Overview and Level Annotations

Branches:
Dungeon (3/15)

Altars:

Shops:
D:1 ?


Innate Abilities, Weirdness & Mutations

((You are very nimble when in or above water. (Stealth+, EV+, Speed+++)))
Your lower body shifts to a powerful aquatic tail in water.


Message History

The sky beast flickers out of sight for a moment.
The sky beast closely misses you.
You hit the sky beast.
The sky beast is lightly wounded.
The sky beast barely misses you.
You hit the sky beast but do no damage.
The sky beast is lightly wounded.
The sky beast hits you. The sky beast shocks you.
You hit the sky beast but do no damage.
The sky beast is lightly wounded.
The sky beast closely misses you.
The sky beast hits you but does no damage.
Throw: 2 throwing nets
Press: ? - help, Q - select action, (/) - cycle Shift-Dir - straight line, f/p - sky beast
Aim: a sky beast (lightly wounded, slightly transparent, 50% to hit)
You throw a throwing net.
The throwing net barely misses the sky beast.
The sky beast hits you but does no damage.
Throw: throwing net
Press: ? - help, Q - select action, (/) - cycle Shift-Dir - straight line, f/p - sky beast
Aim: a sky beast (lightly wounded, slightly transparent, 50% to hit)
You throw a throwing net.
The throwing net closely misses the sky beast.
The sky beast hits you. The sky beast shocks you.
The sky beast hits you but does no damage.
The sky beast hits you. The sky beast shocks you.
The sky beast completely misses you. The sky beast hits you.
The sky beast shocks you.
* * * LOW HITPOINT WARNING * * *
There is a stone staircase leading up here.
You can't go down here!
You can't go down here!
You closely miss the sky beast. The sky beast closely misses you.
You closely miss the sky beast. The sky beast misses you.
You puncture the sky beast!
The sky beast is moderately wounded.
The sky beast hits you.
* * * LOW HITPOINT WARNING * * *
The sky beast shocks you.
You die...

.........#####
.............# .........#
#.# ####### #.....##≈#
#.###.....#######
.#!...#.###................
#............#.#######
##.#######.#.#.#
##.######.....#
#..@Y.....### #.########.#
#.# #.. #... #####


You could see a sky beast.

Vanquished Creatures
  Jessica (D:2)
  An adder (D:2)
  A dart slug (D:1)
  A bat (D:1)
  3 endoplasms
  4 giant cockroaches (D:1)
  3 hobgoblins (D:1)
  5 jackals (D:1)
  5 ball pythons
  2 frilled lizards
  2 kobolds (D:1)
  4 rats (D:1)
32 creatures vanquished.

Notes
Turn   | Place    | Note
-------+----------+-------------------------------------------
     0 | D:1      | OrbIsHorse the Merfolk Gladiator began the quest for the
                  | Orb.
     0 | D:1      | Reached XP level 1. HP: 16/16 MP: 1/1
    64 | D:1      | Reached XP level 2. HP: 23/23 MP: 2/2
   289 | D:1      | Found Suysch's Magic Scroll Shop.
   304 | D:1      | Reached skill level 5 in Polearms
   432 | D:1      | Reached XP level 3. HP: 22/28 MP: 3/3
   981 | D:2      | Noticed Jessica
   994 | D:2      | Killed Jessica
   995 | D:2      | Reached XP level 4. HP: 33/34 MP: 4/4
  1160 | D:3      | Noticed a sky beast
  1197 | D:3      | Slain by a sky beast

Illustrated notes

Levels and vault maps discovered:
D:1:      dpeg_arrival_another_circle, layout_basic, serial_shops, shop,
          roderic_serpentine_path
D:2:      layout_loops_corners, shapermc_ecumenical_altar_gd, minivault_24,
          nrook_loot_triangle, uniq_jessica
D:3:      layout_loops_ring, serial_shops, nicolae_shop_crystal,
          minmay_fountain_box, uniq_robin, uniq_crazy_yiuf_cottage

Skill      XL: |  1  2 |
---------------+-------+-----
Polearms       | 5 |  5.8
Fighting       | |  2.6
Throwing       | |  2.1
Armour         | |  0.5
Dodging        | |  4.8
Stealth        | |  0.2

Action                   |  1- 3 |  4- 6 || total
-------------------------+-------+-------++-------
Melee: Trident           |    84 |    18 ||   102
Throw: Throwing net      |     3 |     3 ||     6
       Javelin           |       |     1 ||     1
 Stab: Held in net/web   |     1 |       ||     1
       Sleeping          |       |     1 ||     1
Armor: Leather armour    |    26 |     6 ||    32
Dodge: Dodged            |    57 |    14 ||    71
